Map: Moonlight Madness LE (Void)

Players

TooNTheSheep

  • Race: Zerg Zerg
  • League: Grandmaster

ImotoFantasy - Winner!

  • Race: Protoss Protoss
  • League: Gold

VOD

Have the link to the VOD?

Description

Time

  • Played on: Oct. 25, 2015, 1:50 p.m.
  • Length: 12:23
Show
View Real Time Build Order
Export as new Build Order

TooNTheSheep Zerg 

Build Orders: 3 Hatch before Pool 

Get SALT Encoding   

  12  0:01  Drone  
  13  0:13  Overlord  
  13  0:17  Drone  
  14  0:31  Drone x2  
  16  0:36  Drone  
  17  0:46  Drone  
  18  0:57  Hatchery  
  18  1:01  Drone  
  18  1:22  Hatchery  
  18  1:23  Drone  
  18  1:25  Drone  
  19  1:37  Spawning Pool  
  18  1:42  Drone  
  18  1:44  Drone  
  20  1:52  Overlord  
  20  2:23  Queen  
  20  2:24  Queen  
  20  2:26  Zergling x10  
  29  2:34  Drone  
  30  2:40  Drone x2  
  32  2:50  Drone x2  
  32  2:51  Drone  
  35  2:54  Queen  
  37  2:59  Queen  
  37  3:03  Queen  
  41  3:07  Drone  
  41  3:09  Overlord  
  41  3:23  Drone x2  
  41  3:32  Drone x7  
  47  3:34  Queen  
  49  3:48  Overlord x2  
  49  4:06  Queen  
  49  4:08  Queen  
  53  4:12  Queen  
  53  4:16  Drone x3  
  53  4:17  Drone x7  
  61  4:23  Spore Crawler  
  64  4:25  Spore Crawler  
  64  4:27  Spore Crawler  
  62  4:32  Drone x3  
  62  4:37  Extractor  
  62  4:38  Extractor  
  63  4:39  Extractor x2  
  61  4:53  Drone x4  
  61  4:55  Overlord x3  
  61  4:56  Overlord  
  65  5:16  Drone x8  
  73  5:32  Lair, Metabolic Boost  
  73  5:34  Drone  
  73  5:35  Drone x8  
  82  5:37  Evolution Chamber  
  82  5:38  Evolution Chamber, Extractor  
  82  5:41  Extractor  
  78  6:00  Drone x3  
  78  6:02  Pneumatized Carapace  
  78  6:05  Overlord x4  
  78  6:07  Zerg Missile Weapons Level 1, Zerg Ground Armor Level 1  
  78  6:09  Hatchery  
  76  6:25  Zergling x18  
  85  6:34  Drone x2  
  85  6:35  Drone x2  
  89  6:42  Hydralisk Den  
  88  6:51  Overlord x4  
  88  6:57  Drone x2  
  88  6:58  Roach Warren  
  89  7:16  Hydralisk  
  89  7:17  Hydralisk x11  
  89  7:18  Hydralisk x2  
  89  7:22  Muscular Augments  
  117  7:39  Hydralisk x6  
  129  7:46  Queen  
  129  7:47  Queen x2  
  129  7:48  Queen  
  137  7:54  Hydralisk x3  
  143  8:00  Overlord x4  
  143  8:01  Overlord x2  
  143  8:06  Zerg Ground Armor Level 2  
  143  8:14  Zerg Missile Weapons Level 2  
  143  8:25  Hatchery  
  142  8:29  Drone  
  143  8:36  Overseer x2  
  143  8:39  Queen  
  143  8:40  Queen  
  147  8:41  Queen  
  147  8:47  Queen  
  151  8:51  Hydralisk  
  151  8:52  Hydralisk x6  
  165  9:04  Hydralisk  
  165  9:05  Hydralisk x5  
  165  9:09  Overlord  
  177  9:15  Infestation Pit  
  176  9:22  Queen  
  178  9:24  Queen  
  178  9:30  Overlord x2  
  178  9:31  Overlord x2  
  180  9:33  Drone x5  
  185  9:59  Hydralisk x5  
  195  10:02  Extractor x2  
  195  10:04  Queen  
  195  10:08  Hatchery  
  194  10:15  Hive, Pathogen Glands  
  194  10:18  Hydralisk x3  
  200  10:35  Spore Crawler  
  199  10:38  Drone  
  173  11:02  Hydralisk  
  173  11:03  Hydralisk x15  
  163  11:25  Hydralisk x9  
  181  11:33  Drone x5  
  181  11:34  Drone x2  
Show
View Real Time Build Order
Export as new Build Order

ImotoFantasy Protoss - Winner!

Build Orders: Nexus First, Phoenix Opening 

Get SALT Encoding   

  12  0:00  Probe (Chrono Boost)  
  13  0:14  Pylon  
  13  0:17  Probe (Chrono Boost)  
  14  0:28  Probe (Chrono Boost)  
  15  0:38  Probe (Chrono Boost)  
  16  0:49  Probe (Chrono Boost)  
  17  0:59  Nexus  
  17  1:03  Probe (Chrono Boost)  
  18  1:13  Probe (Chrono Boost)  
  19  1:19  Gateway  
  19  1:26  Pylon  
  19  1:27  Probe (Chrono Boost)  
  20  1:40  Probe (Chrono Boost)  
  20  1:44  Assimilator  
  21  1:48  Assimilator  
  21  1:51  Probe (Chrono Boost)  
  23  2:01  Probe (Chrono Boost)  
  23  2:12  Probe (Chrono Boost)  
  23  2:13  Probe (Chrono Boost)  
  25  2:15  Cybernetics Core  
  25  2:24  Probe x2 (Chrono Boost)  
  27  2:32  Nexus  
  27  2:37  Zealot  
  27  2:40  Probe (Chrono Boost)  
  27  2:42  Probe (Chrono Boost)  
  31  2:51  Probe (Chrono Boost)  
  32  2:53  Mothership Core (Chrono Boost)  
  34  3:04  Stargate  
  34  3:07  Probe (Chrono Boost)  
  34  3:12  Probe (Chrono Boost)  
  36  3:18  Probe (Chrono Boost)  
  36  3:19  Assimilator  
  37  3:21  Assimilator  
  37  3:22  Probe (Chrono Boost)  
  38  3:29  Probe (Chrono Boost)  
  38  3:33  Probe (Chrono Boost)  
  40  3:39  Probe (Chrono Boost)  
  41  3:45  Probe (Chrono Boost)  
  41  3:46  Probe (Chrono Boost)  
  43  3:52  Pylon  
  43  3:53  Phoenix (Chrono Boost)  
  45  3:56  Probe (Chrono Boost), Protoss Air Weapons Level 1  
  45  3:57  Probe  
  45  3:58  Probe  
  45  4:01  Pylon  
  48  4:05  Pylon  
  48  4:07  Sentry  
  48  4:09  Probe  
  50  4:10  Probe  
  50  4:11  Probe, Pylon  
  50  4:16  Phoenix (Chrono Boost)  
  55  4:20  Probe x2  
  55  4:23  Probe  
  58  4:31  Fleet Beacon, Probe  
  58  4:36  Forge  
  58  4:37  Probe  
  59  4:38  Probe  
  59  4:41  Probe  
  59  4:45  Phoenix (Chrono Boost)  
  64  4:51  Probe  
  64  4:52  Probe x2  
  67  5:05  Probe x2  
  67  5:06  Phoenix (Chrono Boost)  
  67  5:07  Probe  
  72  5:12  Photon Cannon  
  72  5:17  Pylon  
  72  5:21  Assimilator  
  72  5:23  Stargate  
  72  5:24  Stargate  
  72  5:26  Stargate, Assimilator  
  72  5:32  Probe x2, Void Ray (Chrono Boost)  
  72  5:33  Probe  
  77  5:51  Probe x2  
  77  5:53  Probe  
  80  6:11  Carrier (Chrono Boost)  
  86  6:17  Photon Cannon x2  
  86  6:18  Carrier (Chrono Boost)  
  86  6:19  Carrier (Chrono Boost)  
  86  6:23  Photon Cannon x2  
  86  6:25  Photon Cannon  
  98  6:33  Probe x2  
  98  6:34  Probe  
  98  6:35  Protoss Air Weapons Level 2 (Chrono Boost)  
  101  6:46  Photon Cannon  
  101  6:48  Photon Cannon  
  101  7:04  Pylon x2  
  101  7:06  Pylon  
  101  7:09  Pylon  
  101  7:11  Pylon  
  101  7:12  Pylon  
  101  7:14  Pylon  
  101  7:15  Pylon  
  101  7:21  Carrier  
  101  7:22  Probe x2  
  109  7:33  Carrier  
  109  7:35  Carrier  
  115  7:38  Carrier  
  127  8:03  Photon Cannon  
  127  8:05  Pylon  
  127  8:11  Photon Cannon  
  127  8:24  Protoss Air Weapons Level 3 (Chrono Boost)  
  127  8:31  Photon Cannon  
  127  8:37  Graviton Catapult (Chrono Boost)  
  133  8:49  Photon Cannon x2  
  133  8:50  Photon Cannon  
  133  8:52  Carrier (Chrono Boost)  
  133  8:53  Photon Cannon  
  133  8:56  Carrier (Chrono Boost)  
  133  8:57  Photon Cannon  
  145  9:06  Carrier (Chrono Boost)  
  145  9:14  Carrier (Chrono Boost)  
  150  9:58  Pylon  
  156  10:18  Carrier (Chrono Boost)  
  162  10:26  Carrier (Chrono Boost)  
  168  10:33  Robotics Facility  
  168  10:34  Carrier (Chrono Boost)  
  174  10:37  Carrier (Chrono Boost)  
  166  11:23  Immortal  
  176  11:53  Pylon  
Tags
 
Add a new tag
Caveats
  • Supply blocks, unpowered buildings, or Contaminate may cause inaccurate times.
  • Supply counts are checked every 10 seconds.